 Dungeon Crawl Stone Soup version 0.29-a0-613-gf2c431b9b9 (webtiles) character file.

Game seed: 12856459051385158083

26 moldycheese5 the Skirmisher (level 2, -2/24 HPs)
             Began as a Demonspawn Abyssal Knight on June 16, 2022.
             Was a Believer of Lugonu.
             Slain by Sigmund
             ... wielding a +0 scythe
              (9 damage)
             ... on level 2 of the Dungeon.
             The game lasted 00:01:12 (1409 turns).

moldycheese5 the Skirmisher (DsAK)                  Turns: 1409, Time: 00:01:12

Health: -2/24      AC:  3    Str: 13    XL:     2   Next: 89%
Magic:  3/3        EV: 11    Int: 11    God:    Lugonu [**....]
Gold:   39         SH:  0    Dex: 13    Spells: 1/1 levels left

rFire   . . .      SeeInvis .   a - +1 spear
rCold   . . .      Faith    .   (no shield)
rNeg    . . .      Spirit   .   b - +0 leather armour
rPois   .          Reflect  .   (no helmet)
rElec   .          Harm     .   (no cloak)
rCorr   .          Rampage  .   (no gloves)
Will    .....                   (no boots)
Stlth   +.........              (no amulet)
HPRegen 0.08/turn               (no ring)
MPRegen 0.08/turn               (no ring)

@: no status effects
A: foul stench 1
a: Renounce Religion, Depart the Abyss, Bend Space


You were on level 2 of the Dungeon.
You worshipped Lugonu.
Lugonu was pleased with you.
You visited 1 branch of the dungeon, and saw 2 of its levels.
You visited the Abyss 1 time.

You collected 39 gold pieces.

Inventory:

Hand Weapons
 a - a +1 spear (weapon)
Armour
 b - a +0 leather armour (worn)
Jewellery
 e - a ring of protection from fire
Scrolls
 c - 6 scrolls of identify {unknown}
 d - 2 scrolls of poison {unknown}
Potions
 f - a potion of mutation {unknown}


   Skills:
 + Level 3.4 Fighting
 + Level 2.3 Polearms
 + Level 2.1 Armour
 + Level 0.9 Dodging
 + Level 2.5 Invocations


You had one spell level left.
You didn't know any spells.
Your spell library was empty.

Dungeon Overview and Level Annotations

Branches:
Dungeon (2/15)

Altars:

Annotations:
D:2 Sigmund


Innate Abilities, Weirdness & Mutations

You may rarely emit foul miasma when damaged in melee.


Message History

The kobold throws a stone.
The stone barely misses you.
The kobold throws a stone.
The stone hits you but does no damage.
The kobold throws a stone.
The stone barely misses you.
You reach to attack!
You closely miss the kobold. You hit the kobold.
The kobold is severely wounded.
The kobold barely misses you.
Sigmund screams, "I am the angel of ZOT!!!"
You closely miss the kobold.
The kobold is severely wounded.
The kobold hits you but does no damage.
Sigmund hits you from afar with a +0 scythe!
You hit the kobold.
You kill the kobold!
Lugonu accepts your kill.
You reach to attack!
You closely miss Sigmund. Sigmund closely misses you.
You reach to attack!
You barely miss Sigmund.
Sigmund hits you from afar with a +0 scythe!
* * * LOW HITPOINT WARNING * * *
You are too injured to fight recklessly!
You are too injured to fight recklessly!
You are too injured to fight recklessly!
You are too injured to fight recklessly!
You are too injured to fight recklessly!
You are too injured to fight recklessly!
You are too injured to fight recklessly!
Things that are here:
a +0 whip; 2 stones; a kobold corpse You hit Sigmund.
Sigmund is lightly wounded.
Sigmund barely misses you.
You barely miss Sigmund.
Sigmund is lightly wounded.
Sigmund closely misses you.
You hit Sigmund but do no damage.
Sigmund is lightly wounded.
You barely miss Sigmund.
Sigmund is lightly wounded.
Sigmund hits you with a +0 scythe!
You die...

#.# #.#.##.#.#####.### ##.#
#.#..............#
...####.#..#...........#
..............>........#
#######.........#####..#
#### #....#.#..# ###..##
##.####.#...)...# #.#...#
#..........#.#..###.#...#
#..###..........@.......#
...####.#..#...@###.#.#.#
........#...........#.#.###
..............<.##.........
......#.........##..#######
...#.##.............#
.....##.........##.##
.......†...........#
..#................#


You could see Sigmund.

Vanquished Creatures
  An adder (D:2)
  2 bats (D:1)
  3 goblins
  3 hobgoblins
  2 ball pythons (D:1)
  A frilled lizard (D:2)
  A kobold (D:2)
  5 rats (D:1)
18 creatures vanquished.

Notes
Turn   | Place    | Note
-------+----------+-------------------------------------------
     0 | Abyss:1  | moldycheese5 the Demonspawn Abyssal Knight began the quest
                  | for the Orb.
     0 | Abyss:1  | Reached XP level 1. HP: 18/18 MP: 2/2
     0 | D:1      | Escaped the Abyss
   161 | D:1      | Found a faded altar of an unknown god.
   318 | D:1      | Reached ** piety under Lugonu
   323 | D:1      | Gained mutation: You may rarely emit foul miasma when
                  | damaged in melee. [demonic ancestry]
   323 | D:1      | Reached XP level 2. HP: 21/24 MP: 3/3
  1052 | D:2      | Noticed Sigmund
  1409 | D:2      | Slain by Sigmund

Illustrated notes

Levels and vault maps discovered:
D:1:      dpeg_arrival_ratfight, layout_basic, ebering_ecumenical_altar_mist
D:2:      layout_basic, basic_altar, hex_medium, lemuel_old_faithful,
          uniq_sigmund, uniq_robin, uniq_crazy_yiuf_cottage

Skill      XL: |  1 |
---------------+----+-----
Armour         | 2 |  2.1
Polearms       | 2 |  2.3
Fighting       | |  3.4
Dodging        | |  0.9
Invocations    | |  2.5

Action                   || total
-------------------------++-------
Melee: Spear             ||    54
       Punch             ||     1
Invok: Depart the Abyss  ||     1
 Stab: Sleeping          ||     1
Armor: Leather armour    ||    14
Dodge: Dodged            ||    20

Table legend: (Time is in decaauts)
 A = Elapsed time spent in this place.
 B = Non-inter-level travel time spent in this place.
 C = Inter-level travel time spent in this place.
 D = Time resting spent in this place.
 E = Time spent auto-exploring this place.
 F = Levels seen in this place.
 G = Mean time per level.
                   A        B        C        D        E       F      G
               +--------+--------+--------+--------+--------+-----+--------+
         Total |   1409 |   1305 |    104 |    246 |    928 |   3 |  469.7 |
       Dungeon |   1409 |   1305 |    104 |    246 |    928 |   2 |  704.5 |
         Abyss |      0 |      0 |      0 |      0 |      0 |   1 |    0.0 |
               +--------+--------+--------+--------+--------+-----+--------+

Top non-repeatable levels by time:
     D:1: 1195 daAuts
     D:2: 214 daAuts
